 Dungeon Crawl Stone Soup version 0.30-a0-1102-g2dbb833546 (webtiles) character file.

Game seed: 3963529425437142917

1 Lavandula the Firebug (level 1, -1/13 HPs)
             Began as a Human Fire Elementalist on Apr 17, 2023.
             Slain by a hobgoblin (2 damage)
             ... on level 1 of the Dungeon.
             The game lasted 00:00:35 (39 turns).

Lavandula the Firebug (Human Fire Elementalist)       Turns: 39, Time: 00:00:36

Health: -1/13      AC:  2    Str:  8    XL:     1   Next: 22%
Magic:  3/3        EV: 12    Int: 15    God:
Gold:   0          SH:  0    Dex: 13    Spells: 3/4 levels left

rFire   . . .      SeeInvis .    (no weapon)
rCold   . . .      Faith    .    (no shield)
rNeg    . . .      Spirit   .    a - +0 robe
rPois   .          Reflect  .    (no helmet)
rElec   .          Rampage  .    (no cloak)
rCorr   .                        (no gloves)
Will    .....                    (no boots)
Stlth   ++                       (no amulet)
HPRegen 0.22/turn                (no ring)
MPRegen 0.08/turn                (no ring)

@: no status effects
A: no striking features
a: no special abilities


You were on level 1 of the Dungeon.
You visited 1 branch of the dungeon, and saw 1 of its levels.

Inventory:

Armour
 a - a +0 robe (worn)


   Skills:
 - Level 2.0 Dodging
 - Level 2.0 Stealth
 + Level 2.0 Spellcasting
 - Level 1.0 Conjurations
 - Level 3.1 Fire Magic


You had 3 spell levels left.
You knew the following spells:

 Your Spells              Type           Power      Damage    Failure   Level
a - Foxfire               Conj/Fire      28%        2x1d5     10%         1

Your spell library contained the following spells:

 Spells                   Type           Power      Damage    Failure   Level
 Scorch                   Fire           20%        2d5       10%         2
 Inner Flame              Hex/Fire       6%         N/A       34%         3
 Volatile Blastmotes      Fire/Tloc      12%        2d11      34%         3
 Flame Wave               Conj/Fire      7%         2d5       67%         4


Dungeon Overview and Level Annotations

Branches:
Dungeon (1/15)

Altars:


Message History

There is an open door here.
A hobgoblin comes into view.
A hobgoblin is nearby!
A hobgoblin is nearby!
A hobgoblin is nearby!
A hobgoblin comes into view.
The hobgoblin shouts!
The hobgoblin shouts!
You hear a shout!
You conjure some foxfire!
The foxfire hits the hobgoblin but does no damage.
Your foxfire dissipates!
You conjure some foxfire!
The foxfire hits the hobgoblin.
The hobgoblin is severely wounded.
A kobold comes into view. It is wielding a +0 whip.
Your foxfire dissipates!
You conjure some foxfire!
The kobold shouts!
The foxfire hits the hobgoblin.
You kill the hobgoblin!
Your foxfire dissipates!
You aren't carrying any scrolls.
Unknown command.
Okay, then.
Found 12 gold pieces.
You see here a +0 whip.
You conjure some foxfire!
Your foxfire dissipates!
The hobgoblin attacks as you move away! The hobgoblin closely misses you.
Found 9 gold pieces.
The foxfire hits the hobgoblin but does no damage.
The hobgoblin attacks as you move away! The hobgoblin barely misses you.
The hobgoblin attacks as you move away! The hobgoblin hits you.
The hobgoblin attacks as you move away! The hobgoblin barely misses you.
A hobgoblin comes into view.
The hobgoblin attacks as you move away! The hobgoblin closely misses you.
Found a stone staircase leading down.
The hobgoblin hits you. The hobgoblin attacks as you move away!
The hobgoblin hits you. x2
* * * LOW HITPOINT WARNING * * *
Magic courses through your body. The hobgoblin hits you.
You die...

#......... #..$.....
#......# #......#
#......###### ######
###.....)......
......###..K.....######
##.gg..#########....
#..@#### ##.... #....##
#8.... ....... #...8.
.>..... #8.... ....###
##.... .#.. ####8 ...
## .#


You could see 2 hobgoblins and a kobold.

Vanquished Creatures
  A hobgoblin (D:1)
1 creature vanquished.

Vanquished Creatures (others)
  A foxfire (D:1)
1 creature vanquished.

Grand Total: 2 creatures vanquished

Notes
Turn   | Place    | Note
-------+----------+-------------------------------------------
     0 | D:1      | Lavandula the Human Fire Elementalist began the quest for
                  | the Orb.
     0 | D:1      | Reached XP level 1. HP: 13/13 MP: 3/3
    39 | D:1      | Slain by a hobgoblin

Illustrated notes

Levels and vault maps discovered:
D:1:      mrwooster_arrival_statue_3, layout_basic

Action                     || total
---------------------------++-------
   Cast: Foxfire           ||     4
    Use: Potion            ||     1
  Dodge: Dodged            ||     4

Table legend: (Time is in decaauts)
 A = Elapsed time spent in this place.
 B = Non-inter-level travel time spent in this place.
 C = Inter-level travel time spent in this place.
 D = Time resting spent in this place.
 E = Time spent auto-exploring this place.
 F = Levels seen in this place.
 G = Mean time per level.
                   A        B        C        D        E       F      G
               +--------+--------+--------+--------+--------+-----+--------+
         Total |     39 |     39 |      0 |      0 |      8 |   1 |   39.0 |
       Dungeon |     39 |     39 |      0 |      0 |      8 |   1 |   39.0 |
               +--------+--------+--------+--------+--------+-----+--------+

Top non-repeatable levels by time:
     D:1: 39 daAuts
